 Dungeon Crawl Stone Soup version 0.17-a0-2093-gc772f4b (webtiles) character file.

186 Eptagon the Cudgeler (level 5, -2/41 HPs)
             Began as a Demonspawn Chaos Knight on Oct 16, 2015.
             Slain by an ogre
             ... wielding a +0 giant club
              (28 damage)
             ... on level 3 of the Dungeon.
             The game lasted 00:05:08 (2520 turns).

Eptagon the Cudgeler (Demonspawn Chaos Knight)      Turns: 2520, Time: 00:05:08

Health: -2/41      AC:  5    Str: 13    XL:     5   Next: 38%
Magic:  0/5        EV: 11    Int: 13    God:    Xom [..*...]
Gold:   189        SH:  0    Dex: 13    Spells: 0 memorised, 4 levels left

rFire  + . .     SeeInvis .     a - +0 mace (chaos)
rCold  . . .     Clarity  .     b - +2 leather armour
rNeg   . . .     SustAt   .     (no shield)
rPois  .         Gourm    .     h - +0 hat
rElec  .         Spirit   +     (no cloak)
rCorr  .         Warding  .     (no gloves)
rMut   .         Stasis   .     (no boots)
MR     .....                    (no amulet)
Stlth  +.........               (no ring)
                                (no ring)

@: drained, not resistant to hostile enchantments, very unstealthy
A: claws 1, fire resistance 1, magic shield
a: Renounce Religion


You were on level 3 of the Dungeon.
You worshipped Xom.
You were a toy of Xom.
You were hungry.

You visited 1 branch of the dungeon, and saw 3 of its levels.

You collected 189 gold pieces.

Inventory:

Hand Weapons
 a - a +0 mace of chaos (weapon)
Armour
 b - a +2 leather armour (worn)
 h - a +0 hat (worn)
Scrolls
 e - a scroll of teleportation
 g - 5 scrolls of identify
Comestibles
 c - 3 bread rations
 d - a chunk of flesh
 f - 3 meat rations


   Skills:
 - Level 3.0(2.9) Fighting
 + Level 5.6 Maces & Flails
 - Level 1.7 Armour
 - Level 0.8 Dodging


You had 4 spell levels left.
You didn't know any spells.

Dungeon Overview and Level Annotations

Branches:
Dungeon (3/15)

Altars:
Elyvilon


Innate Abilities, Weirdness & Mutations

You have sharp fingernails.
Your flesh is heat resistant.
When hurt, damage is shared between your health and your magic reserves.


Message History

You kill the kobold!
You are feeling hungry.
The ogre hits you with a giant club!
Things that are here:
a short sword; a kobold corpse You sock the ogre!
You burn the ogre.
The ogre is moderately wounded.
The ogre barely misses you.
You hit the ogre.
The ogre is heavily wounded.
The ogre hits you with a giant club!
You hit the ogre.
The ogre goes berserk!
The ogre is severely wounded.
The ogre barely misses you.
You hit the ogre.
The ogre is severely wounded.
The ogre hits you with a giant club!!
Ouch! That really hurt!
You die...
Xom roars with laughter!

###..#§#.# #.
#...###§.# #.##
#.#<.#.###
#.#.##.##..##
#...#8.8#..##
#...........#
#..#8.8#...#####
#O##.##.......#
#@....##.###.#
##...###.###.#
##.###...##.#
#.###...##.#
#..........#
##.........#
#.........#
#.........#
#.##...#).#


You could see an ogre (berserk).

Vanquished Creatures
  A giant frog (D:3)
  An orc priest (D:3)
  A gnoll (D:1)
  4 adders
  A worm (D:3)
  A giant gecko (D:2)
  8 orcs
  5 bats
  3 goblins
  5 hobgoblins
  5 jackals
  6 kobolds
  A giant newt (D:3)
  A quokka (D:2)
  3 rats (D:1)
46 creatures vanquished.

Notes
Turn   | Place    | Note
--------------------------------------------------------------
     0 | D:1      | Eptagon the Demonspawn Chaos Knight began the quest for the Orb.
     0 | D:1      | Reached XP level 1. HP: 18/18 MP: 1/1
    84 | D:1      | Gained mutation: You have sharp fingernails. [demonic ancestry]
    84 | D:1      | Reached XP level 2. HP: 24/24 MP: 2/2
   324 | D:1      | XOM: harmless Chrm miscast
   397 | D:1      | XOM: divination: detect creatures
   450 | D:2      | XOM: medium Fire miscast
   637 | D:2      | XOM: smoke on damage
   649 | D:2      | Gained mutation: Your flesh is heat resistant. [demonic ancestry]
   649 | D:2      | Reached XP level 3. HP: 20/29 MP: 3/3
   654 | D:2      | Reached skill level 4 in Maces & Flails
  1471 | D:3      | Noticed a giant frog
  1473 | D:3      | XOM: noise
  1475 | D:3      | Killed a giant frog
  1475 | D:3      | Gained mutation: When hurt, damage is shared between your health and your magic reserves. [demonic ancestry]
  1475 | D:3      | Reached XP level 4. HP: 30/35 MP: 4/4
  1487 | D:3      | Reached skill level 5 in Maces & Flails
  1609 | D:3      | XOM: silly message
  1627 | D:3      | XOM: harmless Chrm miscast
  1724 | D:2      | XOM: harmless Necr miscast
  1812 | D:3      | XOM: smoke on damage
  1823 | D:3      | Reached XP level 5. HP: 12/41 MP: 3/5
  1827 | D:3      | HP: 2/41 [poisoned by an adder]
  1828 | D:3      | XOM: divination: detect items
  2324 | D:3      | XOM: colour smoke trail
  2325 | D:3      | Found a white marble altar of Elyvilon.
  2466 | D:3      | XOM: mild Erth miscast
  2514 | D:3      | Noticed an ogre
  2520 | D:3      | Slain by an ogre

Vault maps used:
D:1:      evilmike_arrival_plus
D:3:      first_bread, small_statue_intersection, elyvilon_altar_5

Action                   |  1- 3 |  4- 6 || total
-------------------------+-------+-------++-------
Melee: Mace              |    71 |    83 ||   154
  Use: Potion            |     6 |     1 ||     7
       Scroll            |     3 |       ||     3
 Stab: Sleeping          |     1 |       ||     1
  Eat: Chunk             |     2 |     3 ||     5
